 Dungeon Crawl Stone Soup version 0.31-a0-819-gf6de2f5ab6 (webtiles) character file.

Game seed: 7891275749749424284

18 qw the Shooter (level 2, -2/17 HPs)
             Began as a Gargoyle Hunter on Sept 23, 2023.
             Slain by a gnoll
             ... wielding a +0 flail
              (5 damage)
             ... on level 2 of the Dungeon.
             The game lasted 00:00:15 (804 turns).

qw the Shooter (Gargoyle Hunter)                     Turns: 804, Time: 00:00:16

Health: -2/17      AC:  7    Str: 14    XL:     2   Next: 66%
Magic:  2/2        EV: 10    Int:  9    God:
Gold:   88         SH:  0    Dex: 13    Spells: 1/1 levels left

rFire   . . .        Y - +0 shortbow
rCold   . . .        (shield currently unavailable)
rNeg    + . .        f - +0 ring mail
rPois   inf          (no helmet)
rElec   +            (no cloak)
rCorr   .            (no gloves)
SInv    .            (no boots)
Will    .....        (no amulet)
Stlth   +            (no ring)
HPRegen 0.22/turn    (no ring)
MPRegen 0.08/turn

%: no passive effects
@: about to teleport
A: sickness immunity, AC +2, negative energy resistance 1, electricity
resistance, torment resistance 1, petrification resistance
a: no special abilities


You were on level 2 of the Dungeon.
You visited 1 branch of the dungeon, and saw 2 of its levels.

You collected 88 gold pieces.


Innate Abilities, Weirdness & Mutations

You are immune to sickness and miasma.
Your stone body is resilient. (AC +2)
You are immune to poison.
You resist negative energy. (rN+)
You are resistant to electric shocks. (rElec)
You are resistant to unholy torment.
You are immune to petrification.


   Skills:
 - Level 2.1 Fighting
 - Level 4.6 Ranged Weapons
 + Level 0.4 Armour
 - Level 1.5 Dodging
 - Level 1.1 Stealth


You had one spell level left.
You didn't know any spells.
Your spell library was empty.

Inventory:

Hand Weapons
 Y - a +0 shortbow (weapon)
Armour
 f - a +0 ring mail (worn)
Potions
 d - a potion of magic {unknown}
 i - a potion of enlightenment {unknown}
 j - a potion of berserk rage {unknown}

Dungeon Overview and Level Annotations

Branches:
Dungeon (2/15)

Altars:
Elyvilon


Message History

You shoot an arrow. The arrow hits the gnoll.
The gnoll is moderately wounded.
The gnoll hits you but does no damage.
You shoot an arrow.
The arrow hits the gnoll but does no damage.
The gnoll is moderately wounded.
The gnoll barely misses you. x2
You shoot an arrow. The arrow barely misses the gnoll.
The arrow hits the gnoll!
The gnoll is severely wounded.
The gnoll barely misses you.
795 |||
Found retreat position at 1,5 (floor) with 0 blocking monsters and 1 monsters attacking at destination at distance 6
795 ||| Stepping ~*~*~tactically~*~*~ (retreating).
796 |||
Found retreat position at 2,4 (floor) with 0 blocking monsters and 1 monsters attacking at destination at distance 5
796 ||| Stepping ~*~*~tactically~*~*~ (retreating).
The gnoll attacks as it pursues you! The gnoll hits you with a +0 flail.
797 |||
Found retreat position at 3,3 (floor) with 0 blocking monsters and 1 monsters attacking at destination at distance 4
797 ||| Stepping ~*~*~tactically~*~*~ (retreating).
798 |||
Found retreat position at 3,2 (floor) with 0 blocking monsters and 1 monsters attacking at destination at distance 3
798 ||| Stepping ~*~*~tactically~*~*~ (retreating).
The gnoll attacks as it pursues you! The gnoll closely misses you.
799 |||
Found retreat position at 2,1 (floor) with 0 blocking monsters and 1 monsters attacking at destination at distance 2
799 ||| Stepping ~*~*~tactically~*~*~ (retreating).
800 |||
Found retreat position at 1,0 (floor) with 0 blocking monsters and 1 monsters attacking at destination at distance 1
800 ||| Stepping ~*~*~tactically~*~*~ (retreating).
The gnoll attacks as it pursues you! The gnoll hits you with a +0 flail.
You shoot an arrow. The arrow barely misses the gnoll.
The arrow closely misses the gnoll.
The gnoll hits you but does no damage.
You shoot an arrow. The arrow hits the gnoll!
The gnoll is heavily wounded.
The gnoll hits you with a +0 flail.
You shoot an arrow. The arrow closely misses the gnoll.
The arrow completely misses the gnoll.
The arrow hits the gnoll.
The gnoll is lightly wounded.
The gnoll hits you with a +0 flail. The gnoll barely misses you.
804 ||| READING scroll of teleportation.
As you read the scroll of teleportation, it crumbles to dust.
You feel strangely unstable. The gnoll hits you with a +0 flail.
You die...

#.#.#.##g.#..
#>#.... ...
#.....##.#
##........#
#..._..####
#....g.#
#......#
#.#.#.g#####
#....ggg@..#
###.######.# #.#
..
####.######.....
#............
...
#.##.######.# ##
##.##.##
#......#####.#
#..##........#


You could see 4 gnolls.

Vanquished Creatures
  5 bats (D:1)
  2 giant cockroaches (D:1)
  2 goblins (D:1)
  A hobgoblin (D:2)
  2 quokkas
  A ball python (D:1)
  2 frilled lizards (D:1)
  A rat (D:1)
16 creatures vanquished.

Notes
Turn   | Place    | Note
-------+----------+-------------------------------------------
     0 | D:1      | qw the Gargoyle Hunter began the quest for the Orb.
     0 | D:1      | Reached XP level 1. HP: 12/12 MP: 1/1
     0 | D:1      | 0 ||| qw: Version: 0.3-a-83-gcd0e7d8
     0 | D:1      | 0 ||| qw: Game counter: 1553
     0 | D:1      | 0 ||| qw: Melee chars always use a shield: true
     0 | D:1      | 0 ||| qw: God list: Okawaru
     0 | D:1      | 0 ||| qw: Allow faded altars: false
     0 | D:1      | 0 ||| qw: Do Orc after clearing Dungeon:15 true
     0 | D:1      | 0 ||| qw: Do second Lair branch before Depths: true
     0 | D:1      | 0 ||| qw: Lair rune preference: random
     0 | D:1      | 0 ||| qw: Goals: Normal
     0 | D:1      | 0 ||| PLANNING D:1-11
   225 | D:1      | Reached XP level 2. HP: 14/17 MP: 2/2
   711 | D:1      | 711 ||| UPGRADING to +0 ring mail.
   721 | D:1      | 721 ||| DROPPING +0 leather armour.
   722 | D:1      | 722 ||| READING 2 scrolls labelled RIUHEREF MOGE.
   723 | D:1      | 723 ||| READING 2 scrolls labelled WUMPYA REMN.
   728 | D:1      | 728 ||| READING scroll labelled ROEHER QOIVUED.
   729 | D:1      | 729 ||| DROPPING scroll of fear.
   730 | D:1      | 730 ||| DROPPING scroll of butterflies.
   775 | D:2      | Found a white marble altar of Elyvilon.
   788 | D:2      | 788 ||| RETREEAATING.
   790 | D:2      | 790 ||| RETREEAATING.
   795 | D:2      | 795 ||| Stepping ~*~*~tactically~*~*~ (retreating).
   796 | D:2      | 796 ||| Stepping ~*~*~tactically~*~*~ (retreating).
   797 | D:2      | 797 ||| Stepping ~*~*~tactically~*~*~ (retreating).
   798 | D:2      | 798 ||| Stepping ~*~*~tactically~*~*~ (retreating).
   799 | D:2      | 799 ||| Stepping ~*~*~tactically~*~*~ (retreating).
   800 | D:2      | 800 ||| Stepping ~*~*~tactically~*~*~ (retreating).
   803 | D:2      | HP: 3/17 [gnoll/+0 flail (3)]
   804 | D:2      | 804 ||| READING scroll of teleportation.
   804 | D:2      | Slain by a gnoll

Levels and vault maps discovered:
D:1:      amcnicky_arrival_flooded_fountain, layout_loops_ring,
          chequers_serial_rivers_small_b, nrook_mini_vaults, dk_noncrumbling_3,
          minmay_tromino_v4_b
D:2:      layout_loops_corners, basic_altar

Action                     || total
---------------------------++-------
   Fire: Shortbow          ||    50
    Use: Scroll            ||     4
 Armour: Leather armour    ||    16
         Ring mail         ||     7
  Dodge: Dodged            ||    19

Table legend:
 A = Non-vault XP
 B = Vault XP
 C = Vault XP percentage of total XP
 D = Non-vault monster count
 E = Vault monster count
 F = Vault count percentage of total count
                 A         B        C        D         E       F
            +---------+---------+-------+---------+---------+-------
      Total |      23 |       3 |  11.5 |      14 |       2 |  12.5
            +---------+---------+-------+---------+---------+-------
        D:1 |      19 |       3 |  13.6 |      12 |       2 |  14.3
        D:2 |       4 |       0 |   0.0 |       2 |       0 |   0.0
            +---------+---------+-------+---------+---------+-------
